 Dungeon Crawl Stone Soup version 0.19.1 (webtiles) character file.

1233 Peloso the Slasher (level 8, -2/66 (68) HPs)
             Began as a Ghoul Fighter on Dec 10, 2016.
             Was an Initiate of Okawaru.
             Slain by an ogre
             ... wielding a +0 giant spiked club
              (9 damage)
             ... on level 5 of the Dungeon.
             The game lasted 00:18:04 (5584 turns).

Peloso the Slasher (Ghoul Fighter)                  Turns: 5584, Time: 00:18:04

HP:   -2/66 (68)    AC: 12    Str: 20    XL:     8   Next: 48%
MP:   7/7           EV:  6    Int:  3    God:    Okawaru [......]
Gold: 66            SH:  9    Dex: 10    Spells: 0 memorised, 7 levels left

rFire  . . .     SeeInvis .     a - +0 long sword
rCold  + . .     Gourm    .     m - +0 chain mail
rNeg   + + +     Faith    .     c - +0 shield
rPois  ∞         Spirit   .     q - +0 helmet
rElec  .         Reflect  .     (no cloak)
rCorr  .         Harm     .     (no gloves)
MR     .....                    j - +0 pair of boots (curse)
Stlth  ..........               (no amulet)
                                w - ring of stealth
                                l - ring of flight

@: rotting
A: rotting body, claws 1, carnivore 3, cold resistance 1, negative energy
resistance 3, slow regeneration 1, torment resistance, unbreathing
a: Renounce Religion, Evoke Flight


You were on level 5 of the Dungeon.
You worshipped Okawaru.
Okawaru was noncommittal.
You were hungry.

You visited 2 branches of the dungeon, and saw 6 of its levels.

You collected 181 gold pieces.
You spent 115 gold pieces at shops.

Inventory:

Hand Weapons
 a - a +0 long sword (weapon)
 o - a +1 hand axe of flaming
Armour
 c - a +0 shield (worn)
 j - a cursed +0 pair of boots (worn)
 m - a +0 chain mail (worn)
 q - a +0 helmet (worn)
Jewellery
 l - a ring of flight (left claw)
 w - a ring of stealth (right claw)
Wands
 D - a wand of flame (34/48)
Scrolls
 e - a scroll of immolation {unknown}
 p - 4 scrolls of remove curse
 t - a scroll of blinking {unknown}
 x - 2 scrolls of identify
 y - a scroll of magic mapping
 A - a scroll of enchant armour {unknown}
 B - a scroll of teleportation
Potions
 b - a potion of resistance
 d - a potion of might
 g - a potion of berserk rage
 h - 3 potions of invisibility {unknown}
 i - 2 potions of lignification {unknown}
 r - 2 potions of brilliance {unknown}
 s - 4 potions of heal wounds {unknown}
 v - 3 potions of curing {unknown}
 z - 2 potions of agility {unknown}
 C - a potion of cure mutation {unknown}
Books
 n - a book of Changes

   Spells                             Type                      Level
   a - Beastly Appendage              Transmutation                1
   b - Sticks to Snakes               Transmutation                2
   c - Spider Form                    Transmutation/Poison         3
   d - Ice Form                       Ice/Transmutation            4
   e - Blade Hands                    Transmutation                5
Comestibles
 f - 3 meat rations
 k - 2 beef jerkies
 u - 2 slices of pizza


   Skills:
 + Level 5.0 Fighting
 + Level 5.9 Long Blades
 + Level 4.8 Armour
 + Level 1.6 Dodging
 + Level 0.8 Stealth
 + Level 5.0 Shields


You had 7 spell levels left.
You didn't know any spells.

Dungeon Overview and Level Annotations

Branches:
Dungeon (5/15)             Temple (1/1) D:5

Altars:
Cheibriados
Dithmenos
Gozag
Makhleb
Nemelex Xobeh
Okawaru
Qazlal
Ru
Sif Muna
Trog
Uskayaw
Xom
Yredelemnul
Zin
The Shining One

Shops:
D:4 (*=?!   D:5 %

Annotations:
D:5 1 runed door


Innate Abilities, Weirdness & Mutations

Your body is rotting away.
You thrive on raw meat.
You are immune to poison.
You have sharp fingernails.
You are carnivorous and can eat meat at any time.
Your flesh is cold resistant. (rC+)
You are immune to negative energy. (rN+++)
You regenerate slowly when monsters are visible.
You are immune to unholy pain and torment.
You can survive without breathing.


Message History

You hit the ogre.
The ogre is severely wounded.
You hit the ogre.
The ogre is almost dead.
You block the ogre's attack.
You hit the ogre.
The ogre is almost dead.
The ogre barely misses you.
You hit the ogre.
The ogre is almost dead.
The ogre hits you with a giant spiked club!
* * * LOW HITPOINT WARNING * * *
You barely miss the ogre.
The ogre is almost dead.
The ogre hits you with a giant spiked club!
* * * LOW HITPOINT WARNING * * *
You completely miss the ogre.
The ogre is almost dead.
The ogre hits you with a giant spiked club!
You die...

#..............#
#..#.##.##.######
#...............#
#..#.##.##.####.#
#..#.##.##.# #.#
#>.#.##.##.# #.#
#..#.##.##.# #.#
#....O#.##.# #.#
##...#@..#.# #.#
#.gg###.#.# #.#
#.g.# #.#.# #.#
##O## #.#.# #.#
%g%###.#.# #.#
#.g.#..<..# #.#
###...###.#.####.#
#.#####..........#
##..#.###.#.####.#


You could see an ogre.

Vanquished Creatures
  An ice beast (D:5)
  4 phantoms
  An ogre (D:4)
  A centaur (D:5)
  2 scorpions (D:4)
  A crimson imp (D:5)
  A howler monkey (D:4)
  A bullfrog skeleton (D:4)
  A hound (D:5)
  Natasha (twice) (D:2)
  2 worker ants
  A hound skeleton (D:4)
  A worker ant zombie (D:5)
  11 gnolls
  6 adders
  An adder skeleton (D:4)
  A worm (D:2)
  A dart slug (D:4)
  3 leopard geckos
  6 orcs
  3 bats
  4 giant cockroaches
  17 goblins
  9 hobgoblins
  6 jackals
  7 kobolds
  6 frilled lizards
  9 rats
109 creatures vanquished.

Notes
Turn   | Place    | Note
-------+----------+-------------------------------------------
     0 | D:1      | Peloso the Ghoul Fighter began the quest for the Orb.
     0 | D:1      | Reached XP level 1. HP: 19/19 MP: 0/0
    88 | D:1      | Reached XP level 2. HP: 18/26 MP: 1/1
   313 | D:1      | Reached XP level 3. HP: 27/31 MP: 2/2
   654 | D:2      | Found a shadowy altar of Dithmenos.
   989 | D:1      | Reached XP level 4. HP: 26/40 MP: 3/3
  1319 | D:2      | Noticed Natasha
  1332 | D:2      | Killed Natasha
  1505 | D:2      | Reached XP level 5. HP: 44/44 MP: 4/4
  2175 | D:2      | Noticed Natasha
  2182 | D:2      | Killed Natasha
  2643 | D:3      | Found a glowing silver altar of Zin.
  2788 | D:3      | Reached XP level 6. HP: 52/52 MP: 5/5
  3184 | D:3      | Found a sacrificial altar of Ru.
  3250 | D:4      | Noticed a phantom
  3323 | D:3      | Killed a phantom
  3479 | D:4      | Found Hiabofy's Jewellery Shop.
  3573 | D:4      | Reached skill level 1 in Dodging
  3573 | D:4      | Reached XP level 7. HP: 53/59 MP: 6/6
  3617 | D:4      | Found Vumiaq's Magic Scroll Shoppe.
  3623 | D:4      | Bought a scroll of identify for 20 gold pieces
  3623 | D:4      | Bought a scroll of magic mapping for 35 gold pieces
  3623 | D:4      | Bought a scroll of remove curse for 30 gold pieces
  3623 | D:4      | Bought a scroll of teleportation for 30 gold pieces
  3899 | D:4      | Found Peush's Weapon Shoppe.
  4042 | D:4      | Found Doydyc's Distillery.
  4048 | D:4      | Found Goisyxta's Assorted Antiques.
  4147 | D:4      | Reached skill level 5 in Long Blades
  4604 | D:5      | Entered Level 5 of the Dungeon
  4666 | D:5      | Reached XP level 8. HP: 64/67 MP: 7/7
  4698 | D:5      | Found a staircase to the Ecumenical Temple.
  4702 | Temple   | Entered the Ecumenical Temple
  4758 | Temple   | Became a worshipper of Warmaster Okawaru
  4948 | D:5      | Found Recricuxt's Food Shoppe.
  5258 | D:5      | Found a runed door.
  5434 | D:5      | Reached skill level 5 in Fighting
  5434 | D:5      | Reached skill level 5 in Shields
  5584 | D:5      | Slain by an ogre

Skill      XL: |  1  2  3  4  5  6  7  8 |
---------------+-------------------------+-----
Shields        | 3 4 5 |  5.0
Long Blades    | 2 3 4 5 |  5.9
Armour         | 3 4 |  4.8
Fighting       | 4 5 |  5.0
Dodging        | 1 |  1.6
Stealth        | |  0.8

Action                   |  1- 3 |  4- 6 |  7- 9 || total
-------------------------+-------+-------+-------++-------
Melee: Long sword        |   100 |   222 |   299 ||   621
  Use: Scroll            |       |       |     3 ||     3
  Eat: Chunk             |     6 |    11 |     5 ||    22
Armor: Scale mail        |     7 |       |       ||     7
       Chain mail        |    46 |   126 |   110 ||   282
Dodge: Dodged            |    28 |    46 |    43 ||   117
Block: Shield            |    66 |   102 |   123 ||   291
       Rpst.: Long sword |     7 |    13 |    18 ||    38
